 Dungeon Crawl Stone Soup version 0.29.1-15-g9cfb28693d (webtiles) character file.

Game seed: 895030008136895192

368 Hakkniv the Digger (level 6, -4/32 HPs)
             Began as a Gargoyle Earth Elementalist on Mar 1, 2023.
             Slain by Edmund
             ... wielding a +1 vorpal flail
              (6 damage)
             ... on level 4 of the Dungeon.
             The game lasted 00:15:10 (3837 turns).

Hakkniv the Digger (Gargoyle Earth Elementalist)    Turns: 3837, Time: 00:15:11

Health: -4/32      AC:  6    Str: 12    XL:     6   Next: 69%
Magic:  6/13       EV: 12    Int: 17    God:
Gold:   143        SH:  0    Dex: 10    Spells: 11/14 levels left

rFire   . . .      SeeInvis .   h - +2 short sword (protect)
rCold   . . .      Faith    .   (no shield)
rNeg    + . .      Spirit   .   a - +0 robe
rPois   ∞          Reflect  .   (no helmet)
rElec   +          Harm     .   (no cloak)
rCorr   .          Rampage  .   (no gloves)
Will    .....                   (no boots)
Stlth   ++........              (no amulet)
HPRegen 0.10/turn               f - ring of flight
MPRegen 0.13/turn               n - ring of wizardry

@: flying
A: sickness immunity, AC +4, negative energy resistance 1, electricity
resistance, torment resistance 1, petrification resistance
a: no special abilities


You were on level 4 of the Dungeon.
You visited 1 branch of the dungeon, and saw 4 of its levels.

You collected 143 gold pieces.

Inventory:

Hand Weapons
 h - a +2 short sword of protection (weapon)
 i - a +2 antimagic dagger
Armour
 a - a +0 robe (worn)
Magical Staves
 y - a staff of conjuration
Jewellery
 f - a ring of flight (left hand)
 n - a ring of wizardry (right hand)
 q - a ring of resist corrosion
 r - a +6 ring of intelligence
Wands
 z - a wand of flame (13)
Scrolls
 c - 2 scrolls of immolation
 g - 2 scrolls of poison {unknown}
 k - 3 scrolls of identify {unknown}
 l - a scroll of brand weapon {unknown}
 m - 2 scrolls of torment {unknown}
 p - 2 scrolls of enchant weapon {unknown}
 u - a scroll of butterflies {unknown}
 A - a scroll of teleportation {unknown}
Potions
 b - a potion of magic
 d - 3 potions of might {unknown}
 e - 2 potions of curing {unknown}
 j - 2 potions of invisibility {unknown}
 o - a potion of degeneration {unknown}
 s - a potion of attraction {unknown}
 t - a potion of flight {unknown}
 v - 3 potions of brilliance {unknown}
 w - 2 potions of resistance {unknown}
 x - a potion of mutation {unknown}
 B - 2 potions of haste {unknown}


   Skills:
 - Level 1.7 Dodging
 - Level 2.2 Stealth
 + Level 4.8 Spellcasting
 - Level 0.7 Transmutations
 + Level 6.4 Earth Magic


You had 11 spell levels left.
You knew the following spells:

 Your Spells              Type           Power      Damage    Failure   Level
a - Sandblast             Erth           50%        2d12      1%          1
b - Passwall              Tmut/Erth      13%        N/A       1%          2

Your spell library contained the following spells:

 Spells                   Type           Power      Damage    Failure   Level
 Stone Arrow              Conj/Erth      30%        3d8       4%          3
 Ensorcelled Hibernation  Hex/Ice        8%         N/A       9%          2
 Petrify                  Tmut/Erth      16%        N/A       13%         4
 Spider Form              Tmut/Pois      5%         N/A       16%         3
 Animate Armour           Summ/Erth      30%        N/A       16%         4
 Inner Flame              Hex/Fire       4%         N/A       17%         3
 Airstrike                Air            2%         2d(1-17)  47%         4
 Anguish                  Hex/Necr       2%         N/A       47%         4
 Cause Fear               Hex            2%         N/A       47%         4
 Summon Lightning Spire   Summ/Air       4%         N/A       47%         4
 Lightning Bolt           Conj/Air       2%         1d13      82%         5
 Discord                  Hex            2%         N/A       100%        8
 Lehudib's Crystal Spear  Conj/Erth      7%         10d3      100%        8


Dungeon Overview and Level Annotations

Branches:
Dungeon (4/15)
 Temple: D:4-7

Altars:

Shops:
D:2 *

Annotations:
D:4 Edmund


Innate Abilities, Weirdness & Mutations

You are immune to sickness and miasma.
Your stone body is resilient. (AC +4)
You are immune to poison.
You resist negative energy. (rN+)
You are resistant to electric shocks. (rElec)
You are resistant to unholy torment.
You are immune to petrification.


Message History

Press: ? - help, Shift-Dir - straight line, f/p - Edmund
Aim: Edmund, wielding a +1 vorpal flail and wearing a +0 ring mail (moderately wounded, 85% to hit)
The blast of sand hits Edmund!
Edmund is severely wounded.
Edmund misses you. Edmund completely misses you.
Casting: Sandblast (safe; 1% risk of failure)
Confirm with . or Enter, or press ? or * to list all spells.
Aiming: Sandblast (safe; 1% risk of failure)
Press: ? - help, Shift-Dir - straight line, f/p - Edmund
Aim: Edmund, wielding a +1 vorpal flail and wearing a +0 ring mail (severely wounded, 85% to hit)
The blast of sand hits Edmund but does no damage.
Edmund is severely wounded.
Edmund hits you with a +1 vorpal flail! Edmund attacks as you move away!
Edmund hits you with a +1 vorpal flail. Edmund attacks as you move away!
Edmund hits you with a +1 vorpal flail.
* * * LOW HITPOINT WARNING * * *
x2
Casting: Sandblast (safe; 1% risk of failure)
Confirm with . or Enter, or press ? or * to list all spells.
Aiming: Sandblast (safe; 1% risk of failure)
Press: ? - help, Shift-Dir - straight line, f/p - Edmund
Aim: Edmund, wielding a +1 vorpal flail and wearing a +0 ring mail (severely wounded, 85% to hit)
The blast of sand hits Edmund.
Edmund is almost dead.
Edmund completely misses you. Edmund hits you but does no damage.
Casting: Sandblast (safe; 1% risk of failure)
Confirm with . or Enter, or press ? or * to list all spells.
Aiming: Sandblast (safe; 1% risk of failure)
Press: ? - help, Shift-Dir - straight line, f/p - Edmund
Aim: Edmund, wielding a +1 vorpal flail and wearing a +0 ring mail (almost dead, 85% to hit)
The blast of sand hits Edmund.
Edmund is almost dead.
Edmund hits you with a +1 vorpal flail.
* * * LOW HITPOINT WARNING * * *
x2
Casting: Sandblast (safe; 1% risk of failure)
Confirm with . or Enter, or press ? or * to list all spells.
Aiming: Sandblast (safe; 1% risk of failure)
Press: ? - help, Shift-Dir - straight line, f/p - Edmund
Aim: Edmund, wielding a +1 vorpal flail and wearing a +0 ring mail (almost dead, 85% to hit)
The blast of sand misses Edmund.
Edmund hits you with a +1 vorpal flail.
You die...

#.# #.# #.#
#.# #.# #.#
#.# #.# #@#
#@#
#.#########
#......)...
###########


You could see Edmund.

Vanquished Creatures
  The ghost of valliere the Sneak, an amateur OpFE (D:3)
  A necrophage (D:4)
  A hound (D:4)
  An orc priest (D:2)
  2 orc wizards
  Terence (D:2)
  3 adders
  3 worms
  2 dart slugs
  3 orcs
  6 endoplasms
  A giant cockroach (D:1)
  8 goblins
  3 hobgoblins
  6 jackals (D:1)
  3 kobolds
  4 quokkas
  6 ball pythons
  5 bats
  A frilled lizard (D:3)
  5 rats
66 creatures vanquished.

Notes
Turn   | Place    | Note
-------+----------+-------------------------------------------
     0 | D:1      | Hakkniv the Gargoyle Earth Elementalist began the quest for
                  | the Orb.
     0 | D:1      | Reached XP level 1. HP: 10/10 MP: 3/3
     2 | D:1      | Noticed a troll
     2 | D:1      | Noticed a naga
     4 | D:1      | Noticed a tengu
     4 | D:1      | Noticed a spriggan
     6 | D:1      | Noticed an octopode
     6 | D:1      | Noticed a draconian
     8 | D:1      | Noticed a vampire
     8 | D:1      | Noticed a gargoyle
    10 | D:1      | Noticed an elf
    12 | D:1      | Noticed an ogre
    14 | D:1      | Noticed a human
    14 | D:1      | Noticed a felid
    16 | D:1      | Noticed a palentonga
    16 | D:1      | Noticed a ghoul
    18 | D:1      | Noticed a merfolk
    18 | D:1      | Noticed a meteoran
    20 | D:1      | Noticed a minotaur
    22 | D:1      | Noticed a demonspawn
    22 | D:1      | Noticed a demigod
    24 | D:1      | Noticed a formicid
    24 | D:1      | Noticed a gargoyle
    26 | D:1      | Noticed a gargoyle
    26 | D:1      | Noticed an elf
   309 | D:1      | Reached XP level 2. HP: 15/15 MP: 3/5
   561 | D:1      | Reached skill level 4 in Earth Magic
   729 | D:1      | Found a faded altar of an unknown god.
   737 | D:1      | Reached XP level 3. HP: 18/19 MP: 0/6
  1091 | D:2      | Reached XP level 4. HP: 24/24 MP: 4/8
  1328 | D:2      | Reached skill level 5 in Earth Magic
  1328 | D:2      | Reached XP level 5. HP: 28/28 MP: 6/10
  1628 | D:2      | Noticed Terence
  1635 | D:2      | Killed Terence
  1969 | D:2      | Found Hyaleilu's General Store.
  2154 | D:3      | Found a large runed translucent door.
  2155 | D:3      | Found a large runed translucent door.
  2166 | D:3      | Noticed valliere's ghost (amateur OpFE)
  2902 | D:3      | Learned a level 2 spell: Passwall
  2913 | D:3      | Killed valliere's ghost
  2914 | D:3      | Reached XP level 6. HP: 31/32 MP: 6/12
  3003 | D:4      | Reached skill level 6 in Earth Magic
  3259 | D:4      | Noticed Edmund
  3442 | D:4      | Identified the +6 dagger "Worm" {spect, Will+ Int+3}
  3837 | D:4      | Slain by Edmund

Illustrated notes

Levels and vault maps discovered:
D:1:      kb_arrival_jail, layout_rooms, ebering_ecumenical_altar_webs
D:2:      layout_basic, serial_shops, shop, minmay_tall_x, uniq_terence
D:3:      layout_basic, ebering_ghost_disaster_area,
          nicolae_concentric_dashed_squares_wild, patterned_corridor
D:4:      layout_basic, chequers_serial_rivers_room_b, uniq_edmund

Skill      XL: |  1  2  3  4  5  6 |
---------------+-------------------+-----
Earth Magic    | 4 5 6 |  6.4
Spellcasting   | 3 4 |  4.8
Dodging        | |  1.7
Stealth        | |  2.2
Transmutations | |  0.7

Action                   |  1- 3 |  4- 6 || total
-------------------------+-------+-------++-------
Melee: Unarmed           |     2 |     3 ||     5
 Cast: Sandblast         |    39 |    84 ||   123
  Use: Scroll            |       |     1 ||     1
Armor: Robe              |     7 |    17 ||    24
Dodge: Dodged            |    10 |    25 ||    35
